 Dungeon Crawl Stone Soup version 0.21.1-1-g345015f (webtiles) character file.

633326 Mgcat the Slayer (level 27, -76/240 HPs)
             Began as a Demonspawn Berserker on Mar 8, 2018.
             Was a High Priest of Trog.
             Killed from afar by an ancient lich (94 damage)
             ... with a crystal spear
             ... on level 5 of the Realm of Zot on Mar 9, 2018.
             The game lasted 03:54:02 (68153 turns).

Mgcat the Slayer (Demonspawn Berserker)            Turns: 68153, Time: 03:54:02

Health: -76/240    AC: 51    Str: 27      XL:     27
Magic:  0/30       EV: 22    Int: 12      God:    Trog [*****.]
Gold:   3806       SH:  0    Dex: 19 (20) Spells: 26/26 levels left

rFire    + . .     SeeInvis +   a - +9 battleaxe (elec)
rCold    + + +     Gourm    .   (shield currently unavailable)
rNeg     + . .     Faith    .   L - +4 gold dragon scales
rPois    +         Spirit   +   D - +2 helmet {SInv}
rElec    +         Reflect  .   u - +2 cloak {+Inv}
rCorr    .         Harm     .   T - +2 pair of gloves
MR       ++++.                  (boots unavailable)
Stlth    ..........             P - amulet of guardian spirit {Spirit}
HPRegen  1.50/turn              Y - ring "Otem" {+Blink +Fly rElec rPois Slay-4}
MPRegen  0.22/turn              F - ring "Qahiuh" {Wiz rC+ rN+ Int+2}

@: agile, sanguine armour, very slightly contaminated, regenerating, slowed,
very slow
A: talons 3, cold resistance 1, deterioration 1, foul stench 2, passive freeze,
powered by pain 3, rot immunity, freezing cloud immunity, sanguine armour 3
}: 3/15 runes: decaying, serpentine, silver
a: Berserk, Trog's Hand, Brothers in Arms, Burn Spellbooks, Renounce Religion,
Evoke Blink, Evoke Invisibility, Evoke Flight


You were on level 5 of the Realm of Zot.
You worshipped Trog.
Trog was extremely pleased with you.
You were full.

You visited 9 branches of the dungeon, and saw 48 of its levels.
You visited the Abyss 2 times.
You visited 1 bazaar.
You also visited: Labyrinth and Ossuary.

You collected 5567 gold pieces.
You spent 1761 gold pieces at shops.

Inventory:

Hand Weapons
 a - a +9 battleaxe of electrocution (weapon)
   (Trog gifted it to you on level 10 of the Dungeon)
 b - the +6 trident of Regicide {pierce, Dex+4}
   (You found it on level 5 of the Lair of Beasts)

   It inflicts extra damage upon your enemies.
   It affects your dexterity (+4).
 r - a +3 antimagic executioner's axe
   (Trog gifted it to you on level 2 of the Realm of Zot)
Missiles
 o - 13 javelins of penetration
 y - 14 throwing nets {=f, !d}
 J - 8 silver tomahawks
 K - 11 steel javelins
 M - 10 tomahawks of dispersal {=f}
 N - 6 steel tomahawks (quivered)
 V - 8 silver javelins
Armour
 p - a +1 cloak
   (You took it off a draconian knight on level 3 of the Realm of Zot)
 u - a +2 cloak of invisibility (worn)
   (You acquired it on level 15 of the Dungeon)
 D - a +2 helmet of see invisible (worn)
   (You found it on level 2 of the Depths)
 L - +4 gold dragon scales (worn)
   (You found it on level 2 of the Realm of Zot)
 Q - a +1 cloak
   (You took it off a draconian knight on level 3 of the Realm of Zot)
 T - a +2 pair of gloves (worn)
   (You found it on level 5 of the Dungeon)
Jewellery
 m - the ring "Inkig" {rCorr Int+3}
   (You acquired it in a bazaar)

   [ring of resist corrosion]

   It affects your intelligence (+3).
 w - an uncursed amulet of regeneration {+regen, !d}
   (You found it on level 4 of the Depths)
 F - the ring "Qahiuh" (right hand) {Wiz rC+ rN+ Int+2}
   (You found it on level 2 of the Depths)

   [ring of wizardry]

   It improves your spell success rate.
   It affects your intelligence (+2).
   It protects you from cold.
   It protects you from negative energy.
 P - an amulet of guardian spirit (around neck) {Spirit}
   (You bought it in a shop on level 2 of the Orcish Mines)
 Y - the ring "Otem" (left hand) {+Blink +Fly rElec rPois Slay-4}
   (You found it on level 2 of the Abyss)

   [ring of flight]

   It affects your accuracy and damage with ranged weapons and melee attacks
   (-4).
   It insulates you from electricity.
   It protects you from poison.
   It lets you fly.
   It lets you blink.
Scrolls
 f - 26 scrolls of identify
 g - 24 scrolls of teleportation
 h - 27 scrolls of remove curse
 i - 2 scrolls of silence
 k - 5 scrolls of fear
 l - 7 scrolls of magic mapping {!r}
 B - 4 scrolls of fog
 I - 5 scrolls of blinking {!r}
Potions
 e - 13 potions of flight
 j - 4 potions of ambrosia
 n - a potion of resistance
 s - 5 potions of curing
 v - 6 potions of invisibility
 z - 9 potions of mutation {!q}
 A - a potion of magic
 C - 5 potions of might
 H - a potion of agility
 O - 5 potions of lignification {!q}
Miscellaneous
 d - 4 boxes of beasts
 q - a lightning rod (4/4)
   (You found it on level 5 of the Vaults)
 t - a lamp of fire
   (You found it on level 2 of the Depths)
 E - a phantom mirror
 G - 5 sacks of spiders
 Z - a phial of floods
   (You found it on level 4 of the Depths)
Comestibles
 c - 35 rations
 x - 10 chunks of flesh {@w0}


   Skills:
 + Level 24.8 Fighting
 + Level 23.2 Axes
 - Level 8.0 Throwing
 + Level 21.7 Armour
 + Level 17.0 Dodging
   Level 4.0 Shields
 - Level 10.0 Evocations


You had 26 spell levels left.
You didn't know any spells.

Dungeon Overview and Level Annotations

Branches:
Dungeon (15/15)            Temple (0/1) D:7            Lair (6/6) D:9
  Swamp (4/4) Lair:3        Snake (4/4) Lair:2        Slime (0/5) Lair:6
    Orc (2/2) D:10            Elf (2/3) Orc:2        Vaults (5/5) D:14
  Crypt (0/3) Vaults:2     Depths (5/5) D:15            Zot (5/5) Depths:5

Altars:
Cheibriados
Fedhas
Hepliaklqana
Kikubaaqudgha
Makhleb
Okawaru
Sif Muna
The Shining One
Beogh
Jiyva

Shops:
D:7 ?   D:9 [   D:12 }(   Orc:2 =([*   Vaults:1 [

Portals:
Hell: Depths:1 Depths:2 Depths:3 Depths:4 Depths:5
Abyss: Depths:2 Depths:4
Pandemonium: Depths:3 Depths:4
Ziggurat: Depths:5

Annotations:
Lair:5 exclusion: ice statue
Elf:2 3 runed doors
Zot:5 1 exclusion


Innate Abilities, Weirdness & Mutations

You have claws for feet.
Your flesh is cold resistant. (rC+)
You frequently emit foul miasma when damaged in melee.
A frigid envelope surrounds you and freezes all who hurt you.
You are powered by pain.
You are immune to rotting.
You are immune to freezing clouds.
When seriously injured, your bleeding wounds create very thick armour. (AC +12)
Your body sometimes deteriorates upon taking damage.


Message History

The death cob hits you but does no damage.
The death cob resists.
The death cob is very cold.
The death cob is heavily damaged.
You closely miss the death cob.
The death cob is heavily damaged.
The death cob hits you but does no damage.
The death cob resists.
The death cob is very cold.
The death cob is heavily damaged.
The death cob hits you but does no damage.
The death cob resists.
The death cob is very cold.
The death cob is heavily damaged.
The death cob hits you!
* * * LOW HITPOINT WARNING * * *
The death cob drains your vigour!
You feel as though you will be slow longer.
The death cob resists.
The death cob is very cold.
The death cob is heavily damaged.
You closely miss the death cob. You claw the death cob.
The death cob is heavily damaged.
The death cob hits you!
* * * LOW HITPOINT WARNING * * *
The death cob drains your vigour!
You feel as though you will be slow longer.
The death cob resists.
The death cob is very cold.
The death cob is severely damaged.
The death cob closely misses you.
An ancient lich comes into view.
Okay, then.
Okay, then.
As you read the scroll of fog, it crumbles to dust.
The scroll dissolves into smoke.
The death cob closely misses you.
The death cob hits you but does no damage.
The death cob resists.
The death cob is very cold.
The death cob is severely damaged.
The death cob hits you but does no damage.
The death cob resists.
The death cob is very cold.
The death cob is severely damaged.
The death cob hits you but does no damage.
The death cob completely resists.
The death cob completely misses you. The death cob closely misses you.
The death cob barely misses you. x2
The death cob hits you but does no damage.
The death cob resists.
The death cob is very cold.
The death cob is severely damaged.
You hear a distant blaring wail to the southwest.
The death cob hits you!
* * * LOW HITPOINT WARNING * * *
The death cob completely resists.
Some of the chunks of flesh in your inventory have rotted away.
The death cob hits you but does no damage.
The death cob resists.
The death cob is very cold.
The death cob is severely damaged.
You hear a distant "Zot"!
The death cob hits you but does no damage.
The death cob resists.
The death cob is very cold.
The death cob is severely damaged.
The ancient lich casts a spell at you. The crystal spear hits you!
* * * LOW HITPOINT WARNING * * *
Your body deteriorates!
You feel clumsy.
You focus on the pain.
You feel agile all of a sudden. The death cob closely misses you.
Okay, then.
Really read
I - 5 scrolls of blinking {!r}?
Your blink will be uncontrolled - continue anyway? [Y]es or [N]o only, please.
Your blink will be uncontrolled - continue anyway? [Y]es or [N]o only, please.
Your blink will be uncontrolled - continue anyway? [Y]es or [N]o only, please.
Your blink will be uncontrolled - continue anyway?
Okay, then.
Unknown command.
Unknown command.
You blink.
You feel the effects of Trog's Hand fading.
The death cob hits you!
* * * LOW HITPOINT WARNING * * *
The death cob resists.
The death cob is very cold.
The death cob is severely damaged.
The death cob misses you. The death cob completely misses you.
The death cob hits you but does no damage.
The death cob resists.
The death cob is very cold.
The death cob is severely damaged.
You feel better.
The death cob hits you but does no damage.
The death cob resists.
The death cob is very cold.
The death cob is severely damaged.
The death cob barely misses you. The ancient lich closely misses you.
The death cob misses you.
The ancient lich points at you and mumbles some strange words.
The crystal spear misses you. The death cob closely misses you.
Okay, then.
Unknown command.
Okay, then.
You blink.
You feel slightly less full.
The ancient lich points at you and mumbles some strange words.
The crystal spear hits you!
You die...

..###[..###...#).#.#..##...# ..#
#.).##....#..#.#..##...# ..#
#...##...##....#..##...# ###
######...#.)####≈≈####.#####
##### #####.....≈§§≈....#...#
#...##########§....≈..≈....#...##
............§§§§####≈§####......#
..........§§§.§.(..#..#.........#
..........§§§§§z@..#.§#.........#
#####...#.§§§§...###..#....##..##
..........§§§§...§.........##..#
..)..^....§§.L....§........##..#
...........)............⌠..##..#
####...####...#..###......###..##
# #...# #....#..###...#..###...#
# #...# #....#..........<......#
##### #.#....................#


You could see an ancient lich and a death cob.

Vanquished Creatures
  An ancient lich (Vaults:5)
  An orb of fire (Zot:3)
  Mennas (Vaults:2)
  Mara (Depths:3)
  Bai Suzhen (Depths:3)
  Margery (Depths:4)
  Sojobo (Vaults:4)
  Frederick (Vaults:2)
  Saint Roka (Depths:3)
  A Killer Klown (Zot:3)
  5 caustic shrikes
  A curse toe (Zot:3)
  A large abomination (Depths:3)
  Nikola (Snake:3)
  2 bone dragons
  16 golden dragons
  6 liches
  2 electric golems
  Rupert (D:13)
  Jorgrun (Vaults:3)
  4 Orb Guardians (Zot:5)
  17 tentacled monstrosities
  10 titans
  7 quicksilver dragons
  Gastronok (Lair:1)
  7 death cobs
  Kirke (D:15)
  12 shadow dragons
  7 sphinxes
  The ghost of Baghtru the Warrior, an adept MiFi of the Shining One (Swamp:4)
  5 draconian monks
  12 tengu reavers
  Donald (Swamp:1)
  Roxanne (D:15)
  A revenant (Vaults:2)
  14 storm dragons
  7 nagarajas
  12 frost giants
  2 iron dragons
  10 fire giants
  3 deep elf sorcerers
  5 draconian scorchers
  An orc warlord (Orc:2)
  16 vault wardens
  9 draconian knights
  A ghoul (Vaults:3)
  Aizul (Swamp:2)
  A ghost moth (Zot:4)
  2 draconian shifters (Zot:2)
  20 ironheart preservers
  4 draconian stormcallers
  14 very ugly things
  5 spriggan defenders
  26 stone giants
  2 draconian annihilators (Zot:3)
  6 vampire knights
  6 green draconians
  10 black draconians
  A deep elf annihilator (Vaults:5)
  4 deep elf demonologists
  7 spark wasps
  8 yellow draconians
  14 red draconians
  8 white draconians
  15 purple draconians
  A minotaur (Lab)
  2 deep elf death magi
  The ghost of bmj180 the Slicer, a journeyman HaFi of Okawaru (Lair:3)
  A crystal guardian (Vaults:5)
  Josephine (D:12)
  A minotaur (shapeshifter) (Vaults:5)
  2 deep elf high priests (Vaults:5)
  10 ettins
  20 yaktaur captains
  Harold (Lair:1)
  14 great orbs of eyes
  2 jiangshi (Depths:2)
  10 fire dragons
  34 vault guards
  5 rakshasas
  11 hydras
  18 naga warriors
  20 ice dragons
  19 ogre magi
  45 two-headed ogres
  A catoblepas (D:14)
  4 spriggan air magi
  5 death knights
  14 alligators
  16 anacondas
  3 ghost crabs (Swamp:4)
  An anaconda (shapeshifter) (Depths:4)
  12 centaur warriors
  12 dancing weapons
  A queen ant (Lair:3)
  7 tengu warriors
  5 death yaks (Lair:6)
  3 deep troll shamans (Depths:5)
  4 vampire magi
  12 spriggan berserkers
  19 naga sharpshooters
  10 deep troll earth magi
  A soul eater (Vaults:2)
  The ghost of Ratty the Thaumaturge, a journeyman DENe of Kikubaaqudgha (D:10)
  9 hell knights
  An orc high priest (Orc:2)
  13 shock serpents
  Nergalle (D:12)
  3 skeletal warriors
  19 deep elf knights
  3 iron trolls (Depths:5)
  8 salamander mystics
  9 flayed ghosts
  4 unseen horrors
  9 glowing orange brains
  4 sea snakes (Snake:3)
  A death drake (shapeshifter) (Vaults:3)
  3 wizards
  15 ironbrand convokers
  10 naga ritualists
  A shambling mangrove (Swamp:3)
  A swamp dragon (Swamp:4)
  A lindwurm (shapeshifter) (Vaults:5)
  4 phantasmal warriors
  24 deep trolls
  21 deep elf archers
  3 spectral hydras (Swamp:4)
  4 lindwurms (Snake:4)
  8 necromancers
  13 mana vipers
  A mana viper (shapeshifter) (Depths:1)
  17 orc knights
  41 ugly things
  64 deep elf magi
  3 harpies (Vaults:4)
  3 human zombies
  7 cyclopes
  6 orc sorcerers
  4 wolf spiders
  2 manticores
  15 salamanders
  A manticore (shapeshifter) (Vaults:5)
  A stone giant zombie (Vaults:2)
  22 moths of wrath
  A fire giant skeleton (Vaults:5)
  8 guardian serpents
  A sphinx skeleton (Vaults:4)
  12 elephants
  The ghost of relionnb the Digger, a novice TrEE (D:7)
  6 centaur zombies
  28 naga magi
  48 black mambas
  A guardian serpent (shapeshifter) (Vaults:5)
  A rust devil (Depths:2)
  5 spectral swamp worms (Depths:1)
  14 vault sentinels
  14 spiny frogs
  A gargoyle (D:15)
  A yaktaur zombie (Vaults:2)
  2 rime drakes
  3 swamp worm zombies (Swamp:4)
  A yaktaur (shapeshifter) (Vaults:2)
  10 freezing wraiths
  An efreet (D:15)
  4 human skeletons
  8 komodo dragons
  60 yaktaurs
  3 tengu conjurers
  9 trolls
  9 polar bears
  A merfolk (shapeshifter) (Depths:2)
  A tengu simulacrum (Vaults:4)
  33 hornets
  A blink frog (shapeshifter) (Vaults:3)
  3 hydra zombies (Swamp:4)
  2 raiju (shapeshifter)
  30 slime creatures
  2 spectral swamp dragons (Swamp:4)
  An ettin zombie (Vaults:3)
  9 tyrant leeches
  5 alligator zombies (Swamp:4)
  12 bog bodies
  A sphinx simulacrum (Vaults:2)
  5 air elementals
  8 hippogriffs
  A dream sheep (Lair:6)
  A frost giant simulacrum (Vaults:5)
  2 fire giant simulacra
  Sigmund (D:6)
  3 vampires
  8 redbacks
  27 spriggans
  5 wraiths
  A tarantella (Vaults:5)
  4 wyverns
  7 water elementals
  3 shadows
  A yak (shapeshifter) (Depths:2)
  The ghost of homeworkjunkie the Skirmisher, an amateur HOFi of Okawaru (D:4)
  A hog (shapeshifter) (Depths:2)
  6 basilisks
  8 fire elementals
  A human (shapeshifter) (Vaults:3)
  A golden eye (shapeshifter) (Depths:3)
  54 yaks
  3 hungry ghosts
  24 vampire mosquitoes
  25 swamp worms
  An acid dragon (Vaults:2)
  62 nagas
  7 wargs
  20 soldier ants (Lair:3)
  12 insubstantial wisps
  A hornet zombie (D:5)
  A small abomination (Abyss:2)
  13 water moccasins
  13 porcupines
  14 swamp drakes
  42 orc warriors
  An elf zombie (Vaults:1)
  10 ice beasts
  7 phantoms
  3 black bears
  47 ogres
  2 eyes of draining
  6 sky beasts
  10 boggarts
  A boggart (shapeshifter) (Depths:2)
  4 swamp dragon zombies (Swamp:4)
  18 centaurs
  21 wolves
  11 crocodiles
  19 bullfrogs
  2 gnoll sergeants (D:9)
  3 earth elementals
  A deep troll simulacrum (Vaults:3)
  5 scorpions
  2 wyvern skeletons
  2 human simulacra (Vaults:3)
  10 killer bees
  7 wights
  6 electric eels
  5 howler monkeys
  8 crimson imps
  8 hounds
  3 bullfrog zombies
  5 bullfrog skeletons
  5 jellies
  32 orc priests
  33 orc wizards
  5 centaur skeletons
  10 iguanas
  Jessica (D:3)
  Ijyb (D:5)
  3 spectral swamp drakes (Swamp:4)
  33 worker ants
  6 ogre zombies (D:10)
  2 hound zombies (D:5)
  A hound skeleton (D:9)
  8 mummies (Ossuary)
  A worker ant zombie (D:5)
  Robin (D:2)
  29 adders
  21 gnolls
  A river rat (shapeshifter) (Vaults:5)
  4 shadow imps
  3 white imps (Lair:5)
  2 oozes
  2 adder skeletons
  A worm (D:3)
  11 leopard geckos
  115 orcs
  2 bat zombies (D:9)
  5 giant cockroaches
  11 goblins
  13 hobgoblins
  12 jackals
  6 kobolds
  11 quokkas
  2 ball pythons
  2 ball python skeletons
  6 bats
  6 frilled lizards
  2 giant cockroach zombies (D:5)
  A gnoll zombie (Ossuary)
  4 goblin zombies (D:10)
  A hobgoblin skeleton (D:10)
  4 hobgoblin zombies
  A jackal zombie (D:5)
  3 kobold zombies (Ossuary)
  2 leopard gecko skeletons
  A leopard gecko zombie (D:5)
  An orc skeleton (D:10)
  14 orc zombies
  A quokka skeleton (D:4)
  7 rats
  A fungus (Lair:6)
  A plant (Lair:2)
2513 creatures vanquished.

Vanquished Creatures (collateral kills)
  A juggernaut (Depths:3)
  A deep elf sorcerer (Depths:3)
  3 very ugly things (Depths:2)
  A vampire knight (Depths:2)
  A yaktaur captain (Depths:2)
  2 vault guards (D:14)
  A spriggan air mage (Depths:3)
  A flayed ghost (Depths:3)
  A faun (shapeshifter) (Depths:3)
  An ugly thing (Depths:2)
  3 yaktaurs (Depths:3)
  A boggart (D:14)
  An ogre (Depths:3)
  A centaur (D:14)
19 creatures vanquished.

Vanquished Creatures (others)
  A draconian monk (Zot:3)
  A draconian knight (Zot:4)
  An entropy weaver (Vaults:5)
  A vampire knight (Depths:4)
  A white draconian (Zot:2)
  An ogre mage (Depths:3)
  A tengu warrior (Depths:2)
  2 deep elf knights (Elf:2)
  5 deep elf magi
  A centaur zombie (D:15)
  2 humans (D:15)
  A redback (Elf:1)
  A floating eye (shapeshifter) (D:13)
  A boggart (Depths:2)
  22 fungi
  12 plants
54 creatures vanquished.

Grand Total: 2586 creatures vanquished

Notes
Turn   | Place    | Note
-------+----------+-------------------------------------------
     0 | D:1      | Mgcat the Demonspawn Berserker began the quest for the Orb.
     0 | D:1      | Reached XP level 1. HP: 18/18 MP: 1/1
    49 | D:1      | Reached skill level 3 in Axes
   117 | D:1      | Gained mutation: You sometimes gain a little power by taking damage. [demonic ancestry]
   117 | D:1      | Reached XP level 2. HP: 24/24 MP: 2/2
   876 | D:2      | Noticed Robin
   900 | D:2      | Reached ** piety under Trog
   909 | D:2      | Reached XP level 3. HP: 28/29 MP: 3/3
   912 | D:2      | Killed Robin
   957 | D:2      | Reached skill level 4 in Fighting
   969 | D:2      | Gained mutation: You are immune to rotting. [demonic ancestry]
   969 | D:2      | Reached XP level 4. HP: 22/37 MP: 4/4
  1441 | D:2      | Reached skill level 4 in Axes
  1510 | D:2      | Gained mutation: When seriously injured, your bleeding wounds create armour. (AC +12) [demonic ancestry]
  1510 | D:2      | Reached XP level 5. HP: 40/43 MP: 5/5
  1807 | D:3      | Reached *** piety under Trog
  2163 | D:3      | Noticed Jessica
  2170 | D:3      | Killed Jessica
  2307 | D:4      | Noticed homeworkjunkie's ghost (amateur HOFi)
  2327 | D:4      | HP: 8/43 [orc/flail (5)]
  2328 | D:4      | HP: 1/43 [homeworkjunkie's ghost (8)]
  2588 | D:4      | Reached skill level 5 in Fighting
  2732 | D:4      | Killed homeworkjunkie's ghost
  2732 | D:4      | Reached skill level 5 in Axes
  2732 | D:4      | Gained mutation: When seriously injured, your bleeding wounds create thick armour. (AC +12) [demonic ancestry]
  2732 | D:4      | Reached XP level 6. HP: 51/51 MP: 6/6
  2807 | D:4      | Found a snail-covered altar of Cheibriados.
  3362 | D:5      | Entered Level 5 of the Dungeon
  3372 | D:5      | Reached skill level 6 in Fighting
  3404 | D:5      | Reached XP level 7. HP: 47/58 MP: 7/7
  3558 | D:4      | HP: 5/59 [ice beast (10)]
  3570 | D:4      | Reached skill level 6 in Axes
  3742 | D:5      | Reached skill level 7 in Fighting
  3836 | D:5      | Found a burning altar of Makhleb.
  3958 | D:5      | Reached XP level 8. HP: 44/67 MP: 8/8
  4374 | D:5      | Reached skill level 7 in Axes
  4433 | D:5      | Reached **** piety under Trog
  4659 | D:5      | Noticed Ijyb
  4661 | D:5      | Paralysed by Ijyb for 3 turns
  4669 | D:5      | Killed Ijyb
  4922 | D:6      | Reached skill level 8 in Fighting
  5035 | D:6      | Found a hazy altar of Hepliaklqana.
  5317 | D:6      | Reached skill level 8 in Axes
  5330 | D:6      | Gained mutation: You have sharp toenails. [demonic ancestry]
  5330 | D:6      | Reached XP level 9. HP: 51/75 MP: 9/9
  5410 | D:6      | Noticed Sigmund
  5423 | D:6      | Killed Sigmund
  5423 | D:6      | Reached skill level 9 in Fighting
  5432 | D:6      | Noticed a troll
  5452 | D:6      | HP: 19/76 [troll (5)]
  5452 | D:6      | HP: 9/76 [troll (6)]
  5453 | D:6      | Killed a troll
  5487 | D:6      | Noticed a troll
  5503 | D:6      | Killed a troll
  5503 | D:6      | Reached skill level 9 in Axes
  6035 | D:6      | Reached skill level 10 in Fighting
  6703 | D:7      | Noticed relionnb's ghost (novice TrEE)
  6718 | D:7      | Killed relionnb's ghost
  6747 | D:7      | Found a sand-covered staircase.
  6775 | Ossuary  | Entered an ossuary
  7413 | Ossuary  | Identified a scroll of acquirement
  7414 | Ossuary  | Got a pair of faintly humming boots
  7425 | Ossuary  | Identified the +1 pair of boots of Hysteria {rC+} (You acquired it in an ossuary)
  7501 | D:7      | Reached XP level 10. HP: 76/86 MP: 10/10
  7585 | D:7      | Received a gift from Trog
  7594 | D:7      | Reached ***** piety under Trog
  7981 | D:7      | Found Ijeot's Magic Scroll Emporium.
  7987 | D:7      | Bought a scroll of enchant weapon for 97 gold pieces
  7987 | D:7      | Bought a scroll of enchant armour for 97 gold pieces
  8033 | D:7      | Reached skill level 10 in Axes
  8114 | D:7      | Found a staircase to the Ecumenical Temple.
  8385 | D:8      | Reached skill level 11 in Fighting
  8593 | D:8      | Found a blossoming altar of Fedhas.
  8994 | D:9      | Paralysed by a hornet for 3 turns
  9001 | D:9      | Paralysed by a hornet for 2 turns
  9241 | D:9      | HP: 27/132 [warg (7)]
  9468 | D:9      | Found a staircase to the Lair.
  9476 | D:9      | Found a runed door.
  9730 | D:9      | Found Alodwuez's Armour Boutique.
  9745 | D:9      | Bought a +1 plate armour of cold resistance for 420 gold pieces
 10008 | D:9      | Reached skill level 2 in Armour
 10761 | D:9      | Found an ancient bone altar of Kikubaaqudgha.
 10879 | D:9      | Received a gift from Trog
 11064 | D:9      | Found a roughly hewn altar of Beogh.
 11164 | D:10     | Entered Level 10 of the Dungeon
 11237 | D:10     | Reached skill level 11 in Axes
 11343 | D:10     | Paralysed by fainting for 11 turns
 11362 | D:10     | Reached skill level 3 in Armour
 11368 | D:10     | Reached skill level 12 in Fighting
 11439 | D:10     | Found a staircase to the Orcish Mines.
 11463 | D:10     | Gained mutation: You have razor-sharp toenails. [demonic ancestry]
 11463 | D:10     | Reached XP level 11. HP: 95/95 MP: 11/11
 11712 | D:10     | Noticed Ratty's ghost (journeyman DENe)
 11728 | D:10     | Killed Ratty's ghost
 11997 | D:10     | Reached skill level 4 in Armour
 12105 | D:10     | Got a bone hand axe
 12128 | D:10     | Identified the +1 hand axe of Dried Tears {chop, rPois Str+5} (You found it on level 10 of the Dungeon)
 12235 | D:10     | Reached skill level 1 in Shields
 12362 | D:10     | Received a gift from Trog
 12750 | D:11     | Reached skill level 2 in Shields
 13030 | D:11     | Noticed a two-headed ogre
 13047 | D:11     | Killed a two-headed ogre
 13047 | D:11     | Reached skill level 5 in Armour
 13264 | D:11     | Reached skill level 3 in Shields
 13499 | D:11     | Noticed a cyan ugly thing
 13737 | D:11     | Killed a cyan ugly thing
 13778 | Lair:1   | Entered Level 1 of the Lair of Beasts
 13808 | Lair:1   | Noticed a five-headed hydra
 13820 | Lair:1   | Killed a five-headed hydra
 13820 | Lair:1   | Reached skill level 4 in Shields
 13820 | Lair:1   | Gained mutation: You may emit foul miasma when damaged in melee. [demonic ancestry]
 13820 | Lair:1   | Reached XP level 12. HP: 103/103 MP: 12/12
 14052 | Lair:1   | Noticed Gastronok
 14075 | Lair:1   | Killed Gastronok
 14075 | Lair:1   | Reached skill level 13 in Fighting
 14075 | Lair:1   | Reached skill level 12 in Axes
 14075 | Lair:1   | Reached skill level 6 in Armour
 14122 | Lair:1   | Noticed Harold
 14144 | Lair:1   | Killed Harold
 14505 | Lair:2   | Received a gift from Trog
 14679 | Lair:2   | Got a colourful robe
 14830 | Lair:2   | Reached skill level 7 in Armour
 15257 | Lair:2   | Found a staircase to the Snake Pit.
 15390 | Lair:2   | Reached skill level 1 in Evocations
 15527 | Lair:2   | Reached skill level 2 in Evocations
 15836 | Lair:3   | Found a labyrinth entrance.
 15845 | Lab      | Entered a labyrinth
 16426 | Lab      | Noticed a minotaur
 16438 | Lab      | Killed a minotaur
 16486 | Lair:3   | Reached XP level 13. HP: 47/112 MP: 14/14
 16498 | Lair:3   | Reached skill level 8 in Armour
 16569 | Lair:3   | Reached skill level 3 in Evocations
 16610 | Lair:3   | Reached skill level 14 in Fighting
 16793 | Lair:3   | Reached skill level 13 in Axes
 17065 | Lair:3   | Found a staircase to the Swamp.
 17130 | Lair:3   | Noticed bmj180's ghost (journeyman HaFi)
 17175 | Lair:3   | Killed bmj180's ghost
 17175 | Lair:3   | Reached skill level 4 in Evocations
 18238 | Lair:4   | Received a gift from Trog
 18646 | Lair:4   | Reached skill level 5 in Evocations
 19072 | Lair:5   | Reached skill level 9 in Armour
 19599 | Lair:5   | Got a jewelled trident
 19600 | Lair:5   | Identified the +6 trident of Regicide {pierce, Dex+4} (You found it on level 5 of the Lair of Beasts)
 20116 | Lair:6   | Entered Level 6 of the Lair of Beasts
 20367 | Lair:6   | Gained mutation: You sometimes gain power by taking damage. [demonic ancestry]
 20367 | Lair:6   | Reached XP level 14. HP: 53/121 MP: 17/17
 20658 | Lair:6   | Found a viscous altar of Jiyva.
 20659 | Lair:6   | Found a staircase to the Slime Pits.
 20668 | Lair:6   | Reached skill level 15 in Fighting
 20767 | Lair:6   | Reached skill level 10 in Armour
 20832 | Lair:6   | Reached skill level 14 in Axes
 20834 | Lair:6   | Received a gift from Trog
 21648 | Orc:1    | Entered Level 1 of the Orcish Mines
 21742 | Orc:2    | Entered Level 2 of the Orcish Mines
 21956 | Orc:2    | Noticed an orc warlord
 21977 | Orc:2    | Killed an orc warlord
 22068 | Orc:2    | Paralysed by an orc sorcerer for 6 turns
 22372 | Orc:2    | Received a gift from Trog
 22642 | Orc:2    | Found a staircase to the Elven Halls.
 22989 | Orc:2    | Found a roughly hewn altar of Beogh.
 22997 | Orc:2    | Found Jatod's Jewellery Boutique.
 23032 | Orc:2    | Found Vako Oggodu's Antique Armour Boutique.
 23047 | Orc:2    | Found Padyruav's General Store.
 23063 | Orc:2    | Found Ciseozut's Antique Weapon Boutique.
 23086 | Orc:2    | Bought a +3 plate armour of magic resistance for 630 gold pieces
 23146 | Orc:2    | Bought an uncursed amulet of guardian spirit for 420 gold pieces
 23319 | D:12     | Noticed Josephine
 23328 | D:12     | Killed Josephine
 23354 | D:12     | Reached skill level 11 in Armour
 23428 | D:12     | Found Zahuf's Antique Weapon Boutique.
 23474 | D:12     | Found Diowennyeca's Gadget Shop.
 23567 | D:12     | Received a gift from Trog
 23685 | D:12     | Noticed Nergalle
 23693 | D:12     | Killed Nergalle
 24606 | D:13     | Reached XP level 15. HP: 111/130 MP: 18/18
 24700 | D:13     | Reached skill level 16 in Fighting
 24762 | D:13     | Noticed Rupert
 24770 | D:13     | Killed Rupert
 25083 | D:13     | Got a heavily jewelled robe
 25182 | D:13     | Reached skill level 15 in Axes
 25502 | D:14     | Found a glowing golden altar of the Shining One.
 25888 | D:14     | Found a gate to the Vaults.
 25915 | D:14     | Received a gift from Trog
 25919 | D:14     | Reached skill level 12 in Armour
 26416 | D:15     | Entered Level 15 of the Dungeon
 26472 | D:15     | Paralysed by an orc sorcerer for 5 turns
 26485 | D:15     | Found a staircase to the Depths.
 26723 | D:15     | Noticed Roxanne
 26749 | D:15     | Killed Roxanne
 27075 | D:15     | Noticed Kirke
 27084 | D:15     | Killed Kirke
 27652 | Swamp:1  | Entered Level 1 of the Swamp
 27853 | Swamp:1  | Noticed Donald
 27866 | Swamp:1  | Killed Donald
 27928 | Swamp:1  | Reached XP level 16. HP: 82/140 MP: 13/20
 28039 | Swamp:1  | Reached skill level 17 in Fighting
 28664 | Swamp:2  | Reached skill level 6 in Evocations
 28803 | Swamp:2  | Noticed Aizul
 28815 | Swamp:2  | Killed Aizul
 29042 | Swamp:3  | HP: 33/141 [vampire mosquito (4)]
 29060 | Swamp:2  | Received a gift from Trog
 29560 | Swamp:3  | Reached skill level 16 in Axes
 29867 | Swamp:3  | Reached skill level 13 in Armour
 30308 | Swamp:4  | Entered Level 4 of the Swamp
 30545 | Swamp:4  | Reached skill level 7 in Evocations
 30891 | Swamp:4  | Received a gift from Trog
 31295 | Swamp:4  | Noticed a bone dragon
 31313 | Swamp:4  | Killed a bone dragon
 31420 | Swamp:4  | Got a decaying rune of Zot
 31443 | Swamp:4  | Found the +9 staff of Wucad Mu {channel}
 31499 | Swamp:4  | Reached skill level 8 in Evocations
 31566 | Swamp:4  | Noticed Baghtru's ghost (adept MiFi)
 31581 | Swamp:4  | Killed Baghtru's ghost
 31760 | Snake:1  | Entered Level 1 of the Snake Pit
 31896 | Snake:1  | Gained mutation: You frequently emit foul miasma when damaged in melee. [demonic ancestry]
 31896 | Snake:1  | Reached XP level 17. HP: 70/149 MP: 15/23
 31902 | Snake:1  | HP: 36/149 [naga sharpshooter/bolt (14)]
 31908 | Snake:1  | HP: 36/149 [naga sharpshooter/arrow (10)]
 31913 | Snake:1  | HP: 37/149 [poisoned by a naga sharpshooter (splash of poison)]
 33070 | Snake:2  | Received a gift from Trog
 33086 | Snake:2  | HP: 37/149 [poisoned by a naga sharpshooter (splash of poison)]
 33091 | Snake:2  | HP: 34/149 [poisoned by a naga sharpshooter (splash of poison)]
 33096 | Snake:2  | HP: 34/149 [poisoned by a naga sharpshooter (splash of poison)]
 33101 | Snake:2  | HP: 35/149 [poisoned by a naga sharpshooter (splash of poison)]
 33130 | Snake:2  | Reached skill level 9 in Evocations
 33622 | Snake:2  | Reached skill level 18 in Fighting
 34375 | Snake:3  | Reached skill level 14 in Armour
 34907 | Snake:3  | Received a gift from Trog
 35006 | Snake:3  | Reached skill level 17 in Axes
 35683 | Snake:3  | Noticed Nikola
 35717 | Snake:3  | Killed Nikola
 35717 | Snake:3  | Reached skill level 10 in Evocations
 36228 | Snake:4  | Entered Level 4 of the Snake Pit
 36281 | Snake:4  | Received a gift from Trog
 36463 | Snake:4  | Gained mutation: You have claws for feet. [demonic ancestry]
 36463 | Snake:4  | Reached XP level 18. HP: 120/158 MP: 22/25
 36778 | Snake:4  | Reached skill level 1 in Throwing
 36914 | Snake:4  | HP: 30/158 [naga sharpshooter/bolt (20)]
 36919 | Snake:4  | HP: 27/158 [poisoned by a naga mage (poison arrow)]
 36927 | Snake:4  | HP: 28/158 [poisoned by a naga mage (poison arrow)]
 36935 | Snake:4  | HP: 29/158 [poisoned by a naga mage (poison arrow)]
 37420 | Snake:4  | Reached skill level 2 in Throwing
 38288 | Snake:4  | Reached skill level 3 in Throwing
 38335 | Snake:4  | HP: 33/158 [naga warrior/trident (17)]
 38340 | Snake:4  | HP: 20/158 [naga warrior/trident (15)]
 38344 | Snake:4  | Received a gift from Trog
 38851 | Snake:4  | Received a gift from Trog
 39031 | Snake:4  | Reached skill level 4 in Throwing
 39221 | Snake:4  | Reached skill level 15 in Armour
 39536 | Snake:4  | Reached skill level 19 in Fighting
 39740 | Snake:4  | Reached skill level 5 in Throwing
 39744 | Snake:4  | Reached ****** piety under Trog
 39989 | Snake:4  | Received a gift from Trog
 40206 | Snake:4  | Got a serpentine rune of Zot
 40615 | Vaults:1 | Entered Level 1 of the Vaults
 40697 | Vaults:1 | Gained mutation: Your flesh is cold resistant. (rC+) [demonic ancestry]
 40697 | Vaults:1 | Reached XP level 19. HP: 155/166 MP: 23/26
 40920 | Vaults:1 | Reached skill level 18 in Axes
 40920 | Vaults:1 | Reached skill level 6 in Throwing
 41345 | Vaults:1 | Found Houvosch's Antique Armour Shoppe.
 41381 | Vaults:1 | Reached skill level 2 in Dodging
 41715 | Vaults:1 | Received a gift from Trog
 42502 | Vaults:2 | Reached skill level 3 in Dodging
 42804 | Vaults:2 | Noticed Frederick
 42816 | Vaults:2 | Killed Frederick
 42816 | Vaults:2 | Reached skill level 7 in Throwing
 42907 | Vaults:2 | Received a gift from Trog
 43027 | Vaults:2 | Reached skill level 4 in Dodging
 43308 | Vaults:2 | Found Xinurchay's Food Shoppe.
 43353 | Vaults:2 | Received a gift from Trog
 43530 | Vaults:2 | Reached skill level 16 in Armour
 43679 | Vaults:2 | Noticed Mennas
 43727 | Vaults:2 | Killed Mennas
 43727 | Vaults:2 | Gained mutation: You are immune to freezing clouds. [demonic ancestry]
 43727 | Vaults:2 | Reached XP level 20. HP: 47/176 MP: 7/27
 44068 | Vaults:2 | Reached skill level 8 in Throwing
 44080 | Vaults:2 | Reached skill level 5 in Dodging
 44273 | Vaults:2 | Found a staircase to the Crypt.
 44744 | Vaults:3 | Reached skill level 20 in Fighting
 44997 | Vaults:3 | Reached skill level 6 in Dodging
 44999 | Vaults:3 | Received a gift from Trog
 45320 | Vaults:3 | Noticed Jorgrun
 45335 | Vaults:3 | Killed Jorgrun
 45610 | Vaults:3 | Received a gift from Trog
 45700 | Vaults:3 | Paralysed by a hornet for 3 turns
 45933 | Vaults:4 | Reached skill level 7 in Dodging
 46001 | Vaults:4 | Reached skill level 19 in Axes
 46383 | Vaults:4 | Received a gift from Trog
 46388 | Vaults:4 | Reached XP level 21. HP: 96/184 MP: 25/28
 46839 | Vaults:4 | Cast into level 2 of the Abyss (a deep elf sorcerer)
 46848 | Abyss:2  | Got a brightly glowing iron ring
 46851 | Abyss:2  | Identified the ring "Otem" {+Blink +Fly rElec rPois Slay-4} (You found it on level 2 of the Abyss)
 46901 | Vaults:4 | Escaped the Abyss
 46999 | Vaults:4 | Reached skill level 8 in Dodging
 47076 | Vaults:4 | Noticed Sojobo
 47097 | Vaults:4 | Killed Sojobo
 47097 | Vaults:4 | Reached skill level 17 in Armour
 47813 | D:15     | Received a gift from Trog
 47830 | Depths:1 | Entered Level 1 of the Depths
 48073 | Depths:1 | Found a gateway to Hell.
 48318 | Depths:1 | Received a gift from Trog
 48347 | Depths:1 | Found an iron altar of Okawaru.
 48955 | Depths:2 | Reached skill level 9 in Dodging
 48960 | Depths:2 | Received a gift from Trog
 49196 | Depths:2 | Received a gift from Trog
 49438 | Depths:2 | Reached skill level 21 in Fighting
 49766 | Depths:2 | Got a shimmering platinum ring
 49767 | Depths:2 | Identified the ring "Qahiuh" {Wiz rC+ rN+ Int+2} (You found it on level 2 of the Depths)
 49855 | Depths:2 | Reached XP level 22. HP: 189/194 MP: 21/29
 50066 | Depths:2 | Noticed a golden dragon
 50074 | Depths:2 | Killed a golden dragon
 50127 | Depths:2 | Reached skill level 10 in Dodging
 50212 | Depths:2 | Noticed a caustic shrike
 50223 | Depths:2 | Killed a caustic shrike
 50235 | Depths:2 | Received a gift from Trog
 50408 | Depths:2 | Received a gift from Trog
 50462 | Depths:2 | Found a one-way gate to the infinite horrors of the Abyss.
 50670 | Depths:2 | HP: 44/194 [spark wasp (10)]
 51080 | Depths:2 | Found a deep blue altar of Sif Muna.
 51107 | Depths:2 | Reached skill level 20 in Axes
 51795 | Depths:3 | Noticed Mara
 51837 | Depths:3 | Reached skill level 18 in Armour
 51840 | Depths:3 | Noticed Mgcat's illusion
 51853 | Depths:3 | Killed Mara
 51938 | Depths:3 | Found a one-way gate leading to the halls of Pandemonium.
 52023 | Depths:3 | Received a gift from Trog
 52120 | Depths:3 | Found a burning altar of Makhleb.
 52124 | Depths:3 | Noticed a caustic shrike
 52135 | Depths:3 | Killed a caustic shrike
 52155 | Depths:3 | Noticed a golden dragon
 52172 | Depths:3 | Killed a golden dragon
 52172 | Depths:3 | Reached skill level 11 in Dodging
 52352 | Depths:3 | HP: 40/194 [flayed ghost/flay_damage (21)]
 52358 | Depths:3 | HP: 31/194 [flayed ghost/flay_damage (18)]
 52359 | Depths:3 | Received a gift from Trog
 52535 | Depths:3 | Noticed a juggernaut
 52541 | Depths:3 | HP: 31/195 [juggernaut (33)]
 52541 | Depths:3 | Killed a juggernaut
 52541 | Depths:3 | Gained mutation: You are powered by pain. [demonic ancestry]
 52541 | Depths:3 | Reached XP level 23. HP: 32/202 MP: 8/30
 52556 | Depths:3 | HP: 36/202 [flayed ghost/flay_damage (16)]
 52836 | Depths:3 | HP: 47/202 [flayed ghost/flay_damage (24)]
 53111 | Depths:3 | Noticed Bai Suzhen
 53128 | Depths:3 | Killed Bai Suzhen
 53176 | Depths:3 | Noticed Saint Roka
 53192 | Depths:3 | Killed Saint Roka
 53707 | Depths:4 | HP: 45/202 [fire dragon/blast of flame (6)]
 53708 | Depths:4 | HP: 16/202 [deep troll earth mage/blast of rock fragments (27)]
 53715 | Depths:4 | HP: 35/202 [white very ugly thing (3)]
 53717 | Depths:4 | HP: 14/202 [white very ugly thing (8)]
 53800 | Depths:4 | HP: 43/202 [tengu reaver/bolt of lightning (29)]
 53808 | Depths:4 | HP: 43/202 [yaktaur/bolt[a yaktaur captain] (6)]
 53814 | Depths:4 | HP: 40/202 [great orb of eyes (2)]
 53903 | Depths:4 | HP: 45/202 [vampire knight/vampiric lajatang (8)]
 54423 | Depths:4 | Received a gift from Trog
 54423 | Depths:4 | Reached skill level 22 in Fighting
 54438 | Depths:4 | Reached skill level 12 in Dodging
 54767 | Depths:4 | Got a faintly glowing robe
 54803 | Depths:4 | Received a gift from Trog
 54803 | Depths:4 | HP: 33/203 [rock wall collision (24)]
 54811 | Depths:3 | HP: 33/203 [poisoned by a tengu reaver]
 55475 | Depths:4 | Noticed Margery
 55500 | Depths:4 | Killed Margery
 56046 | Depths:5 | Entered Level 5 of the Depths
 56220 | Depths:5 | Reached skill level 19 in Armour
 56232 | Depths:5 | Found a gateway to a ziggurat.
 56381 | Depths:5 | Received a gift from Trog
 56418 | Depths:5 | Reached skill level 21 in Axes
 56573 | Depths:5 | Gained mutation: When seriously injured, your bleeding wounds create very thick armour. (AC +12) [demonic ancestry]
 56573 | Depths:5 | Reached XP level 24. HP: 149/212 MP: 28/30
 56711 | Depths:5 | Reached skill level 13 in Dodging
 57351 | Depths:5 | Noticed a juggernaut
 57482 | Depths:5 | Paralysed by a great orb of eyes for 2 turns
 57532 | Depths:5 | HP: 51/212 [acid (5)]
 58096 | Depths:5 | Found a gate to the Realm of Zot.
 58126 | Depths:5 | Received a gift from Trog
 58612 | Elf:1    | Entered Level 1 of the Elven Halls
 58729 | Elf:1    | Received a gift from Trog
 58873 | Elf:1    | Received a gift from Trog
 59102 | Elf:1    | Received a gift from Trog
 59441 | Elf:2    | Found a deep blue altar of Sif Muna.
 59593 | Elf:2    | Found a flickering gateway to a bazaar.
 59602 | Bazaar   | Entered a bazaar
 59602 | Bazaar   | Found Eniemm's Magic Scroll Shop.
 59602 | Bazaar   | Found Xunwud's Antique Armour Shop.
 59614 | Bazaar   | Found Wiskouro's Armour Shoppe.
 59626 | Bazaar   | Found Aliekhemu's Magic Scroll Shoppe.
 59660 | Bazaar   | Found Jiah's Antique Armour Shoppe.
 59687 | Bazaar   | Bought a scroll of enchant armour for 97 gold pieces
 59698 | Bazaar   | Got a wavering bone ring
 59699 | Bazaar   | Identified the ring "Inkig" {rCorr Int+3} (You acquired it in a bazaar)
 59817 | Elf:2    | Received a gift from Trog
 60050 | Elf:2    | Found a runed gate.
 60051 | Elf:2    | Found a runed gate.
 60073 | Elf:2    | Found a runed gate.
 60134 | Elf:2    | Reached skill level 23 in Fighting
 60952 | Vaults:5 | Entered Level 5 of the Vaults
 60962 | Vaults:5 | Reached skill level 14 in Dodging
 60976 | Vaults:5 | Received a gift from Trog
 61079 | Vaults:5 | Got a translucent copper ring
 61082 | Vaults:5 | Identified the ring "Sof Xaacw" {Fire rN+ Int+3} (You found it on level 5 of the Vaults)
 61097 | Vaults:5 | Got a steaming bone amulet
 61098 | Vaults:5 | Identified the amulet of Youthful Indiscretion {Faith Dex+3} (You found it on level 5 of the Vaults)
 61171 | Vaults:5 | Reached XP level 25. HP: 205/221 MP: 28/30
 61234 | Vaults:5 | Cast into level 3 of the Abyss (a deep elf demonologist)
 61243 | Vaults:5 | Escaped the Abyss
 61277 | Vaults:5 | Reached skill level 20 in Armour
 61579 | Vaults:5 | Received a gift from Trog
 61618 | Vaults:5 | Noticed an ancient lich
 61630 | Vaults:5 | Killed an ancient lich
 61689 | Vaults:5 | HP: 49/221 [deep elf archer/arrow (9)]
 61692 | Vaults:5 | Reached skill level 22 in Axes
 61706 | Vaults:5 | Received a gift from Trog
 62048 | Vaults:5 | Received a gift from Trog
 62243 | Vaults:5 | Reached skill level 15 in Dodging
 62320 | Vaults:5 | Received a gift from Trog
 62456 | Vaults:5 | Got a silver rune of Zot
 63495 | Zot:1    | Entered Level 1 of the Realm of Zot
 64080 | Zot:1    | Gained mutation: A frigid envelope surrounds you and freezes all who hurt you. [demonic ancestry]
 64080 | Zot:1    | Reached XP level 26. HP: 142/231 MP: 29/30
 64644 | Zot:2    | Reached skill level 24 in Fighting
 64876 | Zot:2    | Received a gift from Trog
 65126 | Zot:2    | Reached skill level 21 in Armour
 65152 | Zot:2    | Reached skill level 16 in Dodging
 65729 | Zot:3    | Got a translucent ring mail
 65809 | Zot:3    | HP: 55/232 [death cob (12)]
 65814 | Zot:3    | HP: 56/233 [poisoned by a white draconian annihilator (poison arrow)]
 65820 | Zot:3    | HP: 55/233 [purple draconian/scimitar (5)]
 66640 | Zot:3    | Noticed an orb of fire
 66644 | Zot:3    | Gained mutation: Your body sometimes deteriorates upon taking damage. [an orb of fire]
 66657 | Zot:3    | Killed an orb of fire
 66657 | Zot:3    | Reached skill level 23 in Axes
 66668 | Zot:3    | Reached XP level 27. HP: 134/240 MP: 30/30
 67175 | Zot:4    | Received a gift from Trog
 67840 | Zot:5    | Entered Level 5 of the Realm of Zot
 68058 | Zot:5    | Reached skill level 17 in Dodging
 68146 | Zot:5    | HP: 56/240 [death cob (14)]
 68147 | Zot:5    | Noticed an ancient lich
 68150 | Zot:5    | HP: 9/240 [ancient lich/crystal spear (45)]
 68151 | Zot:5    | HP: 3/240 [death cob (9)]
 68153 | Zot:5    | Killed from afar by an ancient lich

Skill      XL: |  1  2  3  4  5  6  7  8  9 10 11 12 13 14 15 16 17 18 19 20 21 22 23 24 25 26 27 |
---------------+----------------------------------------------------------------------------------+-----
Axes           | 3 4 5 6 8 9 11 12 13 14 15 16 17 18 19 20 21 22 23 | 23.2
Fighting       | 4 5 6 7 8 10 12 13 14 15 16 17 18 19 20 21 22 23 24 | 24.8
Armour         | 3 5 7 9 11 12 13 14 15 16 17 18 19 20 21 | 21.7
Shields        | 4 |  4.0
Evocations     | 2 5 8 10 | 10.0
Throwing       | 5 7 8 |  8.0
Dodging        | 4 7 9 11 12 14 15 16 17 | 17.0

Action                   |  1- 3 |  4- 6 |  7- 9 | 10-12 | 13-15 | 16-18 | 19-21 | 22-24 | 25-27 || total
-------------------------+-------+-------+-------+-------+-------+-------+-------+-------+-------++-------
Melee: Mace              |    70 |   173 |   463 |   709 |   135 |       |       |       |       ||  1550
       Hand axe          |     2 |       |       |   609 |   538 |       |       |       |       ||  1149
       Battleaxe         |       |       |       |       |   783 |  1222 |  1217 |  1425 |  1127 ||  5774
       Trident           |       |       |       |       |    12 |    27 |     4 |       |       ||    43
       Kick              |       |       |       |       |       |   130 |   500 |   570 |   505 ||  1705
Throw: Tomahawk          |       |       |     2 |    11 |    21 |     2 |    11 |    20 |     4 ||    71
Invok: Berserk           |     2 |     4 |    12 |    24 |    16 |    16 |    10 |     9 |     6 ||    99
       Trog's Hand       |       |     2 |     4 |    14 |    33 |    38 |    22 |    42 |    32 ||   187
       Burn Spellbooks   |       |       |     2 |     5 |     3 |     4 |     1 |     9 |     5 ||    29
       Brothers in Arms  |       |       |       |       |     1 |       |       |     7 |       ||     8
 Abil: Evoke Invisibilit |       |       |       |       |     1 |     3 |       |       |    13 ||    17
       Evoke Blink       |       |       |       |       |       |       |       |       |     2 ||     2
Evoke: Box of beasts     |       |       |       |       |       |       |     1 |       |       ||     1
       Sack of spiders   |       |       |       |       |       |       |     1 |       |       ||     1
       Lamp of fire      |       |       |       |       |       |       |       |     1 |       ||     1
  Use: Scroll            |       |    14 |    11 |     9 |    14 |     2 |     7 |    13 |     9 ||    79
       Potion            |       |       |     2 |     4 |     6 |     7 |     5 |     7 |     5 ||    36
 Stab: Sleeping          |     2 |       |       |       |       |       |       |       |       ||     2
       Invisible         |       |       |       |       |     3 |    11 |       |       |    75 ||    89
       Petrified         |       |       |       |       |     2 |       |       |       |       ||     2
       Distracted        |       |       |       |       |     1 |       |     4 |     2 |       ||     7
  Eat: Chunk             |     1 |     8 |    19 |    48 |    47 |    24 |    33 |    32 |    20 ||   232
       Ration            |       |     2 |     2 |     6 |     7 |    14 |     4 |    12 |     8 ||    55
Armor: Scale mail        |    25 |   122 |   231 |   142 |       |       |       |       |       ||   520
       Leather armour    |    12 |       |       |       |       |       |       |       |       ||    12
       Animal skin       |     1 |       |       |       |       |       |       |       |       ||     1
       Plate armour      |       |       |       |   507 |   924 |  1254 |   695 |       |       ||  3380
       Fire dragon scale |       |       |       |       |       |       |    24 |       |       ||    24
       Crystal plate arm |       |       |       |       |       |       |    45 |  1079 |   388 ||  1512
       Gold dragon scale |       |       |       |       |       |       |       |       |   412 ||   412
Dodge: Dodged            |    57 |   149 |   282 |   444 |   453 |   561 |   485 |   642 |   662 ||  3735
Block: Buckler           |       |       |       |   169 |   134 |       |       |       |       ||   303

Vault maps used:
D:1:      enne_arrival_octagon_isle
D:2:      wad_woods_tower, first_ration, minmay_misc_feat_chi,
          minmay_pentomino_q4, uniq_robin
D:3:      uniq_jessica
D:4:      old_standard_altar, nicolae_overflow_hidden_temple,
          minmay_crystal_water
D:5:      lemuel_crystal_altar, serial_undead, serial_undead_f, serial_undead_b,
          serial_undead_c, serial_undead_c, kennysheep_generic_room_15,
          uniq_ijyb
D:6:      cheibrodos_fzero, nicolae_overflow_crystal_walls, serial_column_ruins,
          column_ruins_courtyard_long, column_ruins_open_tiny,
          column_ruins_corridor_corner, column_ruins_grid_3,
          column_ruins_open_small, column_ruins_open_small, serial_bayou_lake_a,
          uniq_sigmund
D:7:      minmay_temple_entry_enclosed_plants, serial_shops, shop,
          nicolae_ossuary_entry_monument
D:8:      fedhas_altar_fruit_tree
D:9:      lemuel_zombie_altar_kikubaaqudgha, erik_lair_orcish_takeover,
          serial_shops, shop, grunt_ogre_cave, lightli_church_of_beogh
D:10:     zombieorc1_lemuel, minmay_lizard_king
D:12:     serial_shops, kennysheep_little_box, shop_statue, uniq_nergalle,
          uniq_josephine
D:13:     minivault_12, uniq_rupert
D:14:     lightli_vaults_fourway_checkpoint, tso_metal_star,
          minmay_item_behind_shaft, minmay_misc_feat_iff
D:15:     hangedman_depths_entry_civil_slaughter, uniq_roxanne, uniq_kirke
Lair:1:   uniq_gastronok, uniq_harold
Lair:2:   minmay_snake_entry_six_corridors, beast_lair_carwin_1
Lair:3:   swamp_mist_pool, lab_entry_generic, minivault_29
Lair:4:   infiniplex_staircase_pool
Lair:5:   ice2_lemuel
Lair:6:   minmay_lair_end_enchanted_forest, slime_altar_1
Swamp:1:  evilmike_swamp_ruin_house_5, uniq_donald
Swamp:2:  nicolae_swamp_trees_clearing, uniq_aizul
Swamp:3:  evilmike_swamp_ruin_house_3
Swamp:4:  swamp_pestilence, swamp_pool5
Snake:3:  uniq_nikola
Snake:4:  snake_pit_salamanders_mu, nicolae_snake_double_loop,
          grunt_ministairs_6
Orc:2:    grunt_orc_cross
Elf:1:    eino_elf_arrival_sip, hangedman_elven_crosses_minicolossus,
          hangedman_elven_pyramids, spider_trap
Elf:2:    serial_shops, freezing_bzr, basic_altar, st_stairs_3, minivault_27,
          lemuel_flamethrower_3
Vaults:1: nicolae_vaults_theta, vaults_room_grunt_arrival_ludios,
          hangedman_vaults_slice, nicolae_vaults_stairing_the_circle,
          vaults_dpeg_hooks, vaults_dpeg_ring, v_misc_2, v_misc_30,
          hangedman_vaults_nails, vaults_room_hallway,
          nicolae_vaults_diagonal_hallway_7, serial_shops, shop
Vaults:2: v_misc_2, grunt_vaults_swirl, vaults_room_hallway, st_squares,
          nicolae_vaults_asterisk, minmay_crypt_entry_simple_walls,
          hangedman_vaults_trim, v_misc_26, hangedman_vaults_impose,
          ontoclasm_vaults_hangar, vaults_room_grid, ontoclasm_vaults_chip,
          serial_shops, nicolae_shop_trees, uniq_mennas, uniq_frederick
Vaults:3: v_misc_11, ontoclasm_vaults_ligature, v_misc_15,
          nicolae_vaults_circle_grid_b, ontoclasm_vaults_chip, v_misc_29,
          grunt_vaults_diagonal, v_alt_pattern_6, v_misc_16,
          ontoclasm_vaults_fault, nicolae_vaults_network_square,
          nicolae_vaults_quartermaster, v_alt_pattern_6,
          nicolae_vaults_rhombus_6, uniq_jorgrun
Vaults:4: st_lattice, v_misc_22, grunt_vaults_hallway_long, v_pattern_5,
          v_misc_3, ontoclasm_vaults_decontamination,
          vaults_room_stairs_pillars, nicolae_vaults_little_squares_3,
          ontoclasm_vaults_chip, uniq_sojobo
Depths:1: pf_hell_entry_tar_river, serial_sigils_hangedman_shear, st_stairs_7,
          wad_floor_pattern_1, okawaru_ov_weapons_minmay
Depths:2: minmay_the_grid_square_5x5_5x5, abyss_entry, lemuel_round_altar,
          grunt_hell_entry_dis_old
Depths:3: minmay_box_of_curves, pan_entry, hell_entry, lemuel_crystal_altar,
          minmay_staircase_statues, uniq_mara, uniq_bai_suzhen, uniq_saint_roka
Depths:4: minmay_heptahexagon, grunt_metal_band, nicolae_wwwww, pan_entry,
          abyss_entry, lightli_corner_chamber, serial_bayou_shore_b
Depths:5: grunt_runaround, hell_entry
Zot:2:    grunt_megastairs_1, basic_stair_grate_trap
Zot:3:    grunt_zot_stairs_mandelzot, grunt_megastairs_2, basic_stair_grate_trap
Zot:4:    lemuel_elevator
Zot:5:    bh_zot_lava_cross
Abyss:3:  doesnt_abyss_rune_brain_food, evilmike_abyss_exit_kraken
Bazaar:   bazaar_kb_twisted_cavern
Ossuary:  ossuary_tomb_3

Table legend:
 A = Turns spent in this place as a percentage of turns spent in the entire game.
 B = Non-inter-level travel turns spent in this place as a percentage of non-inter-level travel turns spent in the entire game.
 C = Inter-level travel turns spent in this place as a percentage of turns spent in this place.
 D = Turns resting spent in this place as a percentage of non-inter-level travel turns spent in this place.
 E = Turns spent auto-exploring this place as a percentage of non-inter-level travel turns spent in this place.
 F = Non-inter-level travel turns spent in this place divided by the number of levels of this place that you've seen.
                   A       B       C       D       E      F
               +-------+-------+-------+-------+-------+----------------------
         Total | 100.0 | 100.0 |   5.9 |   9.1 |  63.9 | 1209.6
       Dungeon |  26.7 |  26.1 |   7.9 |  10.8 |  63.3 | 1116.6
          Lair |  10.9 |  10.8 |   6.7 |   2.9 |  69.3 | 1151.5
         Swamp |   5.9 |   6.1 |   3.6 |   7.5 |  68.0 | 970.8
     Snake Pit |  12.7 |  13.1 |   3.2 |   9.0 |  70.9 | 2092.0
  Orcish Mines |   2.5 |   2.4 |   9.3 |  13.9 |  62.0 | 772.0
   Elven Halls |   2.8 |   2.9 |   3.2 |   2.0 |  63.4 | 938.5
        Vaults |  14.0 |  13.9 |   6.6 |   2.4 |  67.7 | 1779.4
        Depths |  15.6 |  15.6 |   5.7 |  17.0 |  56.7 | 1999.2
           Zot |   6.8 |   6.9 |   5.1 |   6.2 |  66.1 | 884.0
         Abyss |   0.1 |   0.1 |   0.0 |   0.0 |  14.1 |  35.5
     Labyrinth |   0.9 |   1.0 |   0.0 |   1.8 |   0.0 | 622.0
        Bazaar |   0.2 |   0.2 |   0.0 |   0.0 |  61.3 | 106.0
       Ossuary |   1.0 |   1.0 |   0.0 |  44.9 |  24.3 | 668.0
               +-------+-------+-------+-------+-------+----------------------

Table legend:
 A = Kills in this place as a percentage of kills in entire the game.
 B = Kills by you in this place as a percentage of kills by you in the entire game.
 C = Kills by friends in this place as a percentage of kills by friends in the entire game.
 D = Other kills in this place as a percentage of other kills in the entire game.
 E = Experience gained in this place as a percentage of experience gained in the entire game.
 F = Experience gained in this place divided by the number of levels of this place that you have seen.
                   A       B       C       D       E      F
               +-------+-------+-------+-------+-------+----------------------
         Total | 100.0 | 100.0 | 100.0 | 100.0 | 100.0 | 29559.1
       Dungeon |  22.7 |  22.9 |  21.1 |   0.0 |   5.0 | 5210.9
          Lair |   9.4 |   9.6 |   0.0 |   0.0 |   3.5 | 9247.0
         Swamp |   6.8 |   6.9 |   0.0 |   0.0 |   4.1 | 16252.0
     Snake Pit |  10.5 |  10.7 |   0.0 |   0.0 |   9.7 | 38184.8
  Orcish Mines |   3.5 |   3.5 |   0.0 |   0.0 |   0.9 | 6854.5
   Elven Halls |   4.1 |   3.9 |   0.0 |  41.7 |   3.5 | 27805.5
        Vaults |  20.6 |  20.8 |   0.0 |   8.3 |  27.3 | 85490.2
        Depths |  15.2 |  14.7 |  78.9 |  25.0 |  27.6 | 86437.0
           Zot |   6.3 |   6.3 |   0.0 |  25.0 |  18.2 | 56966.2
         Abyss |   0.0 |   0.0 |   0.0 |   0.0 |   0.0 |  71.0
     Labyrinth |   0.0 |   0.0 |   0.0 |   0.0 |   0.1 | 1158.0
       Ossuary |   0.6 |   0.6 |   0.0 |   0.0 |   0.0 | 153.0
               +-------+-------+-------+-------+-------+----------------------
